 Dungeon Crawl Stone Soup version 0.19.4-10-g532645f (webtiles) character file.

160 tof the Skirmisher (level 5, -2/42 HPs)
             Began as a Demonspawn Abyssal Knight on Feb 25, 2017.
             Was a Priest of Lugonu.
             Slain by Pikel
             ... wielding a +1 whip of flaming
              (5 damage)
             ... on level 4 of the Dungeon.
             The game lasted 00:09:48 (2954 turns).

tof the Skirmisher (Demonspawn Abyssal Knight)      Turns: 2954, Time: 00:09:49

Health: -2/42      AC: 13    Str: 12    XL:     5   Next: 17%
Magic:  7/7        EV: 11    Int: 13    God:    Lugonu [***...]
Gold:   246        SH:  3    Dex: 14    Spells: 0 memorised, 4 levels left

rFire  + . .     SeeInvis .     a - +1 mace
rCold  x . .     Gourm    .     b - +0 leather armour
rNeg   . . .     Faith    .     w - +0 buckler
rPois  .         Spirit   .     (helmet restricted)
rElec  .         Reflect  .     q - +2 cloak
rCorr  .         Harm     .     (no gloves)
MR     +....                    i - +0 pair of boots
Stlth  +.........               (no amulet)
                                y - ring of fire
                                m - ring of protection from magic

@: sanguine armour
A: horns 1, sanguine armour 1
a: Depart the Abyss, Bend Space, Banish, Renounce Religion


You were on level 4 of the Dungeon.
You worshipped Lugonu.
Lugonu was most pleased with you.
You were not hungry.

You visited 1 branch of the dungeon, and saw 4 of its levels.
You visited the Abyss 1 time.

You collected 246 gold pieces.

Inventory:

Hand Weapons
 a - a +1 mace (weapon)
Armour
 b - a +0 leather armour (worn)
 i - a +0 pair of boots (worn)
 q - a +2 cloak (worn)
 w - a +0 buckler (worn)
Jewellery
 m - a ring of protection from magic (left hand)
 y - a ring of fire (right hand)
 A - an uncursed ring of protection from magic
Wands
 B - a wand of acid (5/15)
Scrolls
 e - 3 scrolls of fog {unknown}
 g - 5 scrolls of remove curse {unknown}
 h - a scroll of teleportation {unknown}
 j - 2 scrolls of amnesia {unknown}
 l - 2 scrolls of magic mapping {unknown}
 p - 4 scrolls of identify {unknown}
 r - 2 scrolls of enchant weapon {unknown}
 u - a scroll of immolation {unknown}
Potions
 d - a potion of mutation {unknown}
 n - a potion of degeneration {unknown}
 o - a potion of cancellation {unknown}
 t - a potion of flight {unknown}
 v - a potion of lignification {unknown}
 x - 2 potions of curing {unknown}
 z - a potion of brilliance {unknown}
Comestibles
 c - 3 bread rations
 f - 2 meat rations
 k - a slice of pizza
 s - a beef jerky


   Skills:
 * Level 4.0 Fighting
 * Level 3.3 Maces & Flails
 + Level 2.1 Armour
 + Level 1.8 Dodging
 + Level 0.5 Shields
 * Level 2.7 Invocations


You had 4 spell levels left.
You didn't know any spells.

Dungeon Overview and Level Annotations

Branches:
Dungeon (4/15)
 Temple: D:4-7

Altars:

Annotations:
D:4 Pikel


Innate Abilities, Weirdness & Mutations

You have a pair of small horns on your head.
When seriously injured, your bleeding wounds create armour. (AC +6)


Message History

Pikel barely misses you.
The worker ant bites you but does no damage. x2
You hit Pikel.
Pikel is moderately wounded.
You block the slave's attack. The slave completely misses you.
The worker ant bites you but does no damage.
Pikel barely misses you. The worker ant closely misses you.
The slave closely misses you. The slave hits you but does no damage.
You closely miss Pikel. You headbutt Pikel, but do no damage.
Pikel is moderately wounded.
The worker ant bites you.
* * * LOW HITPOINT WARNING * * *
The worker ant bites you but does no damage.
Pikel misses you. You block the worker ant's attack.
The slave hits you but does no damage. x2
The worker ant bites you but does no damage.
You closely miss Pikel.
Pikel is moderately wounded.
Pikel hits you with a whip of flaming.
You die...

.##...(.....#.##......#
..#.#####.............#
#)#.#.......#.#.......#
#.#.#.###.....#..#....##
...................?....
##.....................#
...#..##..#.....w.....#
...#.........#p#K......
.......#.w#p@ap....#
#...........a.....#
##.......#........#
..............###
##....!......).
...............
........###.##. .####..#
.#


You could see Pikel, 3 slaves, a worm and 2 worker ants.

Vanquished Creatures
  Ijyb (D:3)
  A worker ant (D:4)
  2 adders (D:2)
  An ooze (D:3)
  2 worms (D:2)
  2 dart slugs
  4 leopard geckos
  An orc (D:3)
  2 giant cockroaches
  5 goblins
  8 hobgoblins
  7 jackals
  14 kobolds
  7 bats
  3 frilled lizards (D:1)
  14 rats
74 creatures vanquished.

Notes
Turn   | Place    | Note
-------+----------+-------------------------------------------
     0 | Abyss:1  | tof the Demonspawn Abyssal Knight began the quest for the Orb.
     0 | Abyss:1  | Reached XP level 1. HP: 18/18 MP: 2/2
   100 | D:1      | Escaped the Abyss
   342 | D:1      | Gained mutation: When seriously injured, your bleeding wounds create armour. (AC +6) [demonic ancestry]
   342 | D:1      | Reached XP level 2. HP: 24/24 MP: 3/3
   774 | D:1      | Reached skill level 1 in Dodging
   875 | D:2      | Reached ** piety under Lugonu
   875 | D:2      | Gained mutation: You have a pair of small horns on your head. [demonic ancestry]
   875 | D:2      | Reached XP level 3. HP: 22/29 MP: 4/4
  1338 | D:2      | Reached XP level 4. HP: 35/36 MP: 5/5
  2402 | D:3      | Reached *** piety under Lugonu
  2609 | D:3      | Noticed Ijyb
  2625 | D:3      | Killed Ijyb
  2662 | D:3      | Reached XP level 5. HP: 42/42 MP: 6/6
  2830 | D:4      | Reached skill level 4 in Fighting
  2932 | D:4      | Noticed a slave
  2932 | D:4      | Noticed a slave
  2934 | D:4      | Noticed a slave
  2934 | D:4      | Noticed a slave
  2938 | D:4      | Noticed Pikel
  2954 | D:4      | Slain by Pikel

Skill      XL: |  1  2  3  4  5 |
---------------+----------------+-----
Maces & Flails | 2 3 |  3.3
Dodging        | 1 |  1.8
Armour         | 2 |  2.1
Fighting       | 4 |  4.0
Shields        | |  0.5
Invocations    | |  2.7

Action                   |  1- 3 |  4- 6 || total
-------------------------+-------+-------++-------
Melee: Mace              |   143 |   115 ||   258
       Headbutt          |     4 |    11 ||    15
 Stab: Sleeping          |     1 |     1 ||     2
       Distracted        |     1 |       ||     1
  Eat: Chunk             |     1 |     6 ||     7
Armor: Leather armour    |    74 |    84 ||   158
Dodge: Dodged            |   155 |   116 ||   271
Block: Buckler           |       |    35 ||    35
